 Dungeon Crawl Stone Soup version 0.31-a0-836-g3ceb0a68c4 (webtiles) character file.

Game seed: 9738042976257218465

6 IdlyInterested the Conjurer (level 1, 0/16 HPs)
             Began as a Demonspawn Reaver on Sept 26, 2023.
             Slain by a quokka (2 damage)
             ... on level 1 of the Dungeon.
             The game lasted 00:01:29 (141 turns).

IdlyInterested the Conjurer (Demonspawn Reaver)      Turns: 141, Time: 00:01:29

Health: 0/16       AC:  3    Str: 12    XL:     1   Next: 75%
Magic:  3/3        EV: 11    Int: 14    God:
Gold:   15         SH:  0    Dex: 11    Spells: 3/4 levels left

rFire   . . .        a - +0 short sword
rCold   . . .        (no shield)
rNeg    . . .        b - +0 leather armour
rPois   .            (no helmet)
rElec   .            (no cloak)
rCorr   .            (no gloves)
SInv    .            (no boots)
Will    .....        (no amulet)
Stlth   +            (no ring)
HPRegen 0.22/turn    (no ring)
MPRegen 0.08/turn

%: no passive effects
@: no status effects
A: no striking features
a: no special abilities


You were on level 1 of the Dungeon.
You visited 1 branch of the dungeon, and saw 1 of its levels.

You collected 15 gold pieces.

Inventory:

Hand Weapons
 a - a +0 short sword (weapon)
Armour
 b - a +0 leather armour (worn)


   Skills:
 - Level 2.0 Fighting
 + Level 2.8 Short Blades
 - Level 2.0 Dodging
 - Level 2.0 Spellcasting
 - Level 3.0 Conjurations
 * Level 0.8 Necromancy


You had 3 spell levels left.
You knew the following spells:

 Your Spells              Type           Power      Damage    Failure   Level
a - Kiss of Death         Conj/Necr      24%        2d7       14%         1

Your spell library contained the following spells:

 Spells                   Type           Power      Damage    Failure   Level
 Momentum Strike          Conj/Tloc      10%        3d8       24%         2
 Hailstorm                Conj/Ice       5%         3d4       43%         3


Dungeon Overview and Level Annotations

Branches:
Dungeon (1/15)

Altars:


Message History

The kobold hits you with a +0 dagger.
The quokka bites you but does no damage.
The ball python hisses angrily.
You hit the kobold.
The kobold is heavily wounded.
The kobold misses you. The quokka misses you.
You hit the kobold.
You kill the kobold!
The quokka misses you.
You hit the quokka.
The quokka is severely wounded.
The quokka twitches its whiskers.
The quokka bites you.
You aren't carrying any potions.
You hit the quokka but do no damage.
The quokka is severely wounded.
The quokka barely misses you.
You closely miss the quokka.
The quokka is severely wounded.
The quokka closely misses you.
You closely miss the giant cockroach. The giant cockroach bites you.
The quokka barely misses you.
You hit the giant cockroach.
The giant cockroach is heavily wounded.
The giant cockroach barely misses you. The quokka closely misses you.
The giant cockroach barely misses you.
You barely miss the giant cockroach.
The giant cockroach is heavily wounded.
The quokka bites you.
* * * LOW HITPOINT WARNING * * *
The giant cockroach barely misses you.
You barely miss the giant cockroach.
The giant cockroach is heavily wounded.
The quokka bites you.
* * * LOW HITPOINT WARNING * * *
The giant cockroach bites you but does no damage.
You hit the giant cockroach.
The giant cockroach is almost dead.
The quokka bites you.
You die...

#..# #.# ...
...###.###.#
....##.##..# .
.....>....###### ..
...............### ...
.................. ....
....#..........# .....
..............g###......
....##.......ggr@BS#
....##.......gK#####
#.## #...>.....### #.
#...........####.
l##.#.#..#g........
.......)##g####....
..........g......#.
...###.###......... .#
?). #...#####.


You could see a quokka, a giant cockroach, 3 hobgoblins, a goblin, a ball python
and a kobold.

Vanquished Creatures
  A ball python (D:1)
  A hobgoblin (D:1)
  3 kobolds (D:1)
5 creatures vanquished.

Notes
Turn   | Place    | Note
-------+----------+-------------------------------------------
     0 | D:1      | IdlyInterested the Demonspawn Reaver began the quest for
                  | the Orb.
     0 | D:1      | Reached XP level 1. HP: 16/16 MP: 3/3
   141 | D:1      | Slain by a quokka

Illustrated notes

Levels and vault maps discovered:
D:1:      eino_arrival_cavern_b, layout_rooms, minmay_split_cup_large

Skill      XL: |  1 |
---------------+----+-----
Dodging        | 2 |  2.0
Fighting       | |  2.0
Short Blades   | |  2.8
Spellcasting   | |  2.0
Conjurations   | |  3.0
Necromancy     | |  0.8

Action                     || total
---------------------------++-------
  Melee: Short sword       ||    27
 Armour: Leather armour    ||    15
  Dodge: Dodged            ||    25

Table legend: (Time is in decaauts)
 A = Elapsed time spent in this place.
 B = Non-inter-level travel time spent in this place.
 C = Inter-level travel time spent in this place.
 D = Time resting spent in this place.
 E = Time spent auto-exploring this place.
 F = Levels seen in this place.
 G = Mean time per level.
                   A        B        C        D        E       F      G
               +--------+--------+--------+--------+--------+-----+--------+
         Total |    139 |    139 |      0 |      0 |     93 |   1 |  139.0 |
       Dungeon |    139 |    139 |      0 |      0 |     93 |   1 |  139.0 |
               +--------+--------+--------+--------+--------+-----+--------+

Top non-repeatable levels by time:
     D:1: 139 daAuts
